 Dungeon Sprint DCSS version 0.27-a0-978-g2aa4ecdaef (webtiles) character file.

Game seed: 6773213207548478822

369 rocky1 the Ducker (level 6, -1/50 HPs)
             Began as a Djinni Earth Elementalist on Apr 15, 2021.
             Was a Priest of Makhleb.
             Slain by a river rat (8 damage)
             ... in the Dungeon (Sprint VII: "The Pits").
             The game lasted 00:02:12 (593 turns).

rocky1 the Ducker (Djinni Earth Elementalist)        Turns: 593, Time: 00:02:13

Health: -1/50      AC:  2    Str:  7    XL:     6   Next: 70%
Gold:   0          EV: 15    Int: 18    God:    Makhleb [***...] SH:  0 Dex: 14

rFire    + + .     SeeInvis .   l - +2 long sword (flame)
rCold    x . .     Faith    .   (no shield)
rNeg     . . .     Spirit   .   c - +0 robe
rPois    ∞         Reflect  .   (no helmet)
rElec    .         Harm     .   (no cloak)
rCorr    .         Rampage  .   (no gloves)
Will     .....     NoTele   +   (boots unavailable)
Stlth    ++........             (no amulet)
HPRegen  0.16/turn              (no ring)
MPRegen  0.00/turn              (no ring)

@: on berserk cooldown, flying, slowed, very slow
A: fire resistance 2, cold vulnerability 1, float, innate caster, hp casting,
extra vitality 1
a: Renounce Religion, Minor Destruction, Lesser Servant of Makhleb


You were in the Dungeon.
You worshipped Makhleb.
Makhleb was most pleased with you.
You visited 1 branch

Inventory:

Hand Weapons
 l - a +2 long sword of flaming (weapon)
Missiles
 b - 28 stones
Armour
 c - a +0 robe (worn)
Scrolls
 h - a scroll of blinking
 j - a scroll of summoning
Potions
 a - 2 potions of magic
 d - 6 potions of curing
 e - 6 potions of heal wounds
 f - a potion of haste
 g - 2 potions of berserk rage
 i - 2 potions of invisibility


   Skills:
 + Level 6.0 Fighting
 + Level 5.4 Long Blades
 + Level 5.6 Armour
 + Level 7.2 Dodging
 - Level 1.9 Stealth
 + Level 5.9 Spellcasting


You couldn't memorise any spells.
You knew the following spells:

 Your Spells              Type           Power      Damage    Failure   Level
a - Sandblast             Erth           52%        2d12      1%          1
b - Passwall              Tmut/Erth      21%        N/A       1%          2
c - Stone Arrow           Conj/Erth      52%        3d10      3%          3
d - Petrify               Tmut/Erth      26%        N/A       11%         4
e - Lee's Rapid Deconstr  Erth           13%        3d10*     28%         5
f - Beastly Appendage     Tmut           52%        N/A       1%          1
g - Corpse Rot            Necr/Air       N/A        N/A       1%          2
Your spell library was empty.

Dungeon Overview and Level Annotations

Branches:
Dungeon (1/1)

Altars:
Ashenzari
Cheibriados
Dithmenos
Elyvilon
Fedhas
Gozag
Hepliaklqana
Kikubaaqudgha
Makhleb
Nemelex Xobeh
Okawaru
Qazlal
Ru
Sif Muna
Trog
Uskayaw
Vehumet
Wu Jian
Xom
Yredelemnul
Zin
The Shining One
Beogh
Jiyva
Lugonu


Innate Abilities, Weirdness & Mutations

You are immune to poison.
Your flesh is very heat resistant. (rF++)
You are vulnerable to cold. (rC-)
You float through the air rather than walking.
You learn spells naturally, not from books.
Your magical power is your life essence.
You have superior vitality. (+4 HP)


Message History

Increase (S)trength, (I)ntelligence, or (D)exterity?
You feel clever.
You slash the kobold brigand! You burn the kobold brigand.
The kobold brigand is severely wounded.
The kobold brigand hits you with a +0 whip.
You closely miss the kobold brigand.
The kobold brigand is severely wounded.
Your magical contamination has completely faded away.
You slash the kobold brigand! You burn the kobold brigand.
You kill the kobold brigand!
Makhleb accepts your kill.
You can now summon a lesser servant of Makhleb.
Your Fighting skill increases to level 6!
Your Dodging skill increases to level 7!
You hit the river rat. You burn the river rat.
The river rat is almost dead.
The river rat barely misses you.
You barely miss the river rat.
The river rat is almost dead.
You barely miss the river rat.
The river rat is almost dead.
The river rat bites you.
* * * LOW HITPOINT WARNING * * *
You closely miss the river rat.
The river rat is almost dead.
The river rat barely misses you.
You riposte.
You barely miss the river rat.
The river rat is almost dead.
You barely miss the river rat.
The river rat is almost dead.
You closely miss the river rat.
The river rat is almost dead.
You are no longer berserk.
You are exhausted.
You feel yourself slow down. The river rat barely misses you.
You hit the river rat but do no damage.
The river rat is almost dead.
The river rat bites you!
* * * LOW HITPOINT WARNING * * *
The river rat bites you!
You die...

#.?..')))'.##.....
##########.##.....
#...........'.....
#'#####'#####.....
#.#..#...'.##.....
#.#..#...#.#####'#
#.#.†#####.##.....
#.#..'...#.##.....
#@#..'÷..).##.....
#r#..########...<.
#K#..'.)))[##.....
#w#..#.)))[##.....
#J###########.....
#....K..# ######
#...#...# #...# .#
#.##.


You could see a worm, a river rat, an endoplasm and a kobold.

Vanquished Creatures
  A warg (D)
  A water moccasin (D)
  A kobold brigand (D)
  A scorpion (D)
  An adder (D)
  A gnoll (D)
  An orc (D)
  A giant cockroach (D)
  A ball python (D)
  A frilled lizard (D)
  A rat (D)
11 creatures vanquished.

Notes
Turn   | Place    | Note
-------+----------+-------------------------------------------
     0 | D        | rocky1 the Djinni Earth Elementalist began the quest for
                  | the Orb.
     0 | D        | Reached XP level 1. HP: 15/15 MP: 0/0
    19 | D        | Found a bloodstained altar of Trog.
    19 | D        | Found a viscous altar of Jiyva.
    19 | D        | Found a hazy altar of Hepliaklqana.
    19 | D        | Found an opulent altar of Gozag.
    45 | D        | Found a glowing golden altar of the Shining One.
    45 | D        | Found a glowing silver altar of Zin.
    45 | D        | Found a basalt altar of Yredelemnul.
    45 | D        | Found a shimmering altar of Xom.
    45 | D        | Found an ornate altar of the Wu Jian Council.
    45 | D        | Found a sacrificial altar of Ru.
    45 | D        | Found a stormy altar of Qazlal.
    45 | D        | Found an iron altar of Okawaru.
    45 | D        | Found a sparkling altar of Nemelex Xobeh.
    45 | D        | Found a burning altar of Makhleb.
    45 | D        | Found a blossoming altar of Fedhas.
    45 | D        | Found a white marble altar of Elyvilon.
    45 | D        | Found a shadowy altar of Dithmenos.
    45 | D        | Found a snail-covered altar of Cheibriados.
    48 | D        | Found a corrupted altar of Lugonu.
    49 | D        | Found a hide-covered altar of Uskayaw.
    49 | D        | Found a broken altar of Ashenzari.
    57 | D        | Became a worshipper of Makhleb the Destroyer
    88 | D        | Reached * piety under Makhleb
    89 | D        | Reached skill level 1 in Fighting
    89 | D        | Reached skill level 1 in Long Blades
    89 | D        | Reached skill level 3 in Dodging
    89 | D        | Reached XP level 2. HP: 13/22 MP: 0/0
   310 | D        | Noticed a scorpion
   311 | D        | Noticed a water moccasin
   318 | D        | Killed a water moccasin
   319 | D        | Reached skill level 5 in Dodging
   319 | D        | Reached XP level 3. HP: 24/31 MP: 0/0
   319 | D        | Learned a level 1 spell: Beastly Appendage
   319 | D        | Reached XP level 4. HP: 28/37 MP: 0/0
   319 | D        | Reached ** piety under Makhleb
   320 | D        | Reached XP level 5. HP: 30/41 MP: 0/0
   320 | D        | Learned a level 2 spell: Corpse Rot
   409 | D        | Reached skill level 6 in Dodging
   409 | D        | Reached skill level 5 in Spellcasting
   572 | D        | Noticed a kobold brigand
   572 | D        | Noticed a warg
   583 | D        | Killed a warg
   584 | D        | Reached skill level 5 in Fighting
   584 | D        | Reached skill level 5 in Long Blades
   584 | D        | Reached skill level 5 in Armour
   584 | D        | Reached XP level 6. HP: 30/49 MP: 0/0
   586 | D        | Reached *** piety under Makhleb
   587 | D        | Reached skill level 7 in Dodging
   593 | D        | Slain by a river rat

Illustrated notes

Levels and vault maps discovered:
D:        pitsprint [storerooms_1, entrance_room_1, metal_vault_2, armoury_1,
          mini_pit_1, grid_room_1, main_hall_1, silver_pit, the_coven_3,
          the_vestibule_1, steel_vault_2, golden_pit, hallway_of_sentries,
          crystal_vault_6, iron_vault_2, final_vault]

Skill      XL: |  1  2  3  4  5  6 |
---------------+-------------------+-----
Spellcasting   | 3 4 5 |  5.9
Fighting       | 1 3 4 5 6 |  6.0
Long Blades    | 1 3 5 |  5.4
Dodging        | 3 5 6 7 |  7.2
Armour         | 3 5 |  5.6
Stealth        | |  1.9

Action                   |  1- 3 |  4- 6 || total
-------------------------+-------+-------++-------
Melee: Falchion          |     5 |     2 ||     7
       Long sword        |       |    14 ||    14
 Cast: Sandblast         |     7 |     5 ||    12
  Use: Potion            |       |     1 ||     1
 Stab: Sleeping          |     2 |       ||     2
Dodge: Dodged            |     8 |     8 ||    16
       Rpst.: Falchion   |     3 |     2 ||     5
       Long sword        |       |     1 ||     1

Table legend: (Time is in decaauts)
 A = Elapsed time spent in this place.
 B = Non-inter-level travel time spent in this place.
 C = Inter-level travel time spent in this place.
 D = Time resting spent in this place.
 E = Time spent auto-exploring this place.
 F = Levels seen in this place.
 G = Mean time per level.
                   A        B        C        D        E       F      G
               +--------+--------+--------+--------+--------+-----+--------+
         Total |    590 |    573 |     17 |    399 |      0 |   1 |  590.0 |
       Dungeon |    590 |    573 |     17 |    399 |      0 |   1 |  590.0 |
               +--------+--------+--------+--------+--------+-----+--------+

Top non-repeatable levels by time:
       D: 590 daAuts
